 Dungeon Crawl Stone Soup version 0.28.0-53-g5a82cb258f (webtiles) character file.

Game seed: 4065545709156076205

81 jiml777 the Digger (level 4, -4/24 HPs)
             Began as a Gargoyle Earth Elementalist on June 10, 2022.
             Killed by divine providence
             ... invoked by an orc priest
              (15 damage)
             ... on level 3 of the Dungeon.
             The game lasted 00:06:44 (1734 turns).

jiml777 the Digger (Gargoyle Earth Elementalist)    Turns: 1734, Time: 00:06:44

Health: -4/24      AC:  6    Str: 11    XL:     4   Next: 40%
Magic:  7/7        EV: 26    Int: 18    God:
Gold:   110        SH:  0    Dex: 10    Spells: 7/8 levels left

rFire   . . .      SeeInvis +   j - +1 short sword (venom)
rCold   . . .      Faith    .   (no shield)
rNeg    + . .      Spirit   .   a - +0 leather armour
rPois   ∞          Reflect  .   (no helmet)
rElec   +          Harm     .   (no cloak)
rCorr   .          Rampage  .   (no gloves)
Will    .....                   (no boots)
Stlth   ++........              l - amulet of the acrobat
HPRegen 0.08/turn               m - ring of see invisible
MPRegen 0.10/turn               (no ring)

@: acrobatic
A: sickness immunity, AC +3, negative energy resistance 1, electricity
resistance, torment resistance 1, petrification resistance
a: no special abilities


You were on level 3 of the Dungeon.
You visited 1 branch of the dungeon, and saw 3 of its levels.

You collected 110 gold pieces.

Inventory:

Hand Weapons
 j - a +1 short sword of venom (weapon)
 p - a +0 hunting sling
Missiles
 c - 41 stones
 d - 9 arrows
 i - 36 sling bullets
 o - 5 poisoned darts
Armour
 a - a +0 leather armour (worn)
 b - a +0 robe
Jewellery
 l - an amulet of the acrobat (around neck)
 m - a ring of see invisible (left hand)
Scrolls
 f - a scroll of teleportation {unknown}
 g - 2 scrolls of identify
 h - 2 scrolls of immolation {unknown}
 k - a scroll of enchant armour {unknown}
 q - a scroll of magic mapping {unknown}
Potions
 e - 2 potions of haste
 n - 3 potions of curing


   Skills:
 + Level 0.7 Armour
 + Level 1.6 Dodging
 + Level 2.6 Stealth
 + Level 2.6 Spellcasting
 + Level 0.7 Transmutations
 + Level 5.2 Earth Magic


You had 7 spell levels left.
You knew the following spells:

 Your Spells              Type           Power      Damage    Failure   Level
a - Sandblast             Erth           42%        2d11      2%          1

Your spell library contained the following spells:

 Spells                   Type           Power      Damage    Failure   Level
 Passwall                 Tmut/Erth      10%        N/A       10%         2
 Stone Arrow              Conj/Erth      22%        3d8       22%         3
 Petrify                  Tmut/Erth      13%        N/A       54%         4


Dungeon Overview and Level Annotations

Branches:
Dungeon (3/15)

Altars:
Makhleb
Trog
Yredelemnul


Innate Abilities, Weirdness & Mutations

You are immune to sickness and miasma.
Your stone body is resilient. (AC +3)
You are immune to poison.
You resist negative energy. (rN+)
You are resistant to electric shocks. (rElec)
You are resistant to unholy torment.
You are immune to petrification.


Message History

HP restored.
You start resting.
An orc comes into view. It is wielding a +0 dagger.
Casting: Sandblast (safe; 2% risk of failure)
Confirm with . or Enter, or press ? or * to list all spells.
Aiming: Sandblast (safe; 2% risk of failure)
Press: ? - help, Shift-Dir - straight line, f - orc
Aim: an orc, wielding a +0 dagger (wandering, hasn't noticed you, 81% to hit)
The blast of sand hits the orc!
You kill the orc!
You start resting.
Magic restored.
A giant cockroach comes into view.
You see here a +0 dagger.
Found 2 gold pieces.
Found a bloodstained altar of Trog and a basalt altar of Yredelemnul.
Found 14 gold pieces.
You hit the giant cockroach but do no damage.
The giant cockroach is poisoned.
You kill the giant cockroach!
You see here a giant cockroach corpse.
Found a scroll labelled SOAREVUSINUA.
Found 16 stones and 8 gold pieces.
An orc priest comes into view. It is wielding a +0 war axe.
c - 41 stones (gained 16)
q - a scroll labelled SOAREVUSINUA
There are no items here.
The orc priest shouts!
The orc priest begins to cast a cantrip, but forgets the words!
The orc priest invokes the aid of Beogh against you.
Beogh smites you!
Ouch! That really hurt!
Casting: Sandblast (safe; 2% risk of failure)
Confirm with . or Enter, or press ? or * to list all spells.
You can't see any susceptible monsters within range! (Use Z to cast anyway.) Unknown command.
The orc priest calls down the wrath of Beogh upon you.
Beogh smites you!
Ouch! That really hurt!
You die...

#. $#....#.#### #.
$#._..#.# #.# #....#.#
##..# #⌠.⌠.#.#
###....#######'.#
................#
#........###.#.##.##
#####..#####.........o
#......@..o.#.####
#.#######...# # #.
##### .. ###


You could see an orc priest.

Vanquished Creatures
  2 adders (D:2)
  3 gnolls (D:2)
  A dart slug (D:2)
  2 orcs (D:3)
  2 ball pythons
  2 bats
  4 endoplasms (D:1)
  A giant cockroach (D:3)
  2 goblins
  A hobgoblin (D:2)
  3 quokkas
  5 frilled lizards
  2 kobolds (D:1)
  2 rats
32 creatures vanquished.

Notes
Turn   | Place    | Note
-------+----------+-------------------------------------------
     0 | D:1      | jiml777 the Gargoyle Earth Elementalist began the quest for
                  | the Orb.
     0 | D:1      | Reached XP level 1. HP: 10/10 MP: 3/3
   177 | D:1      | Reached skill level 4 in Earth Magic
   194 | D:1      | Reached XP level 2. HP: 15/15 MP: 3/5
   834 | D:2      | Reached XP level 3. HP: 18/19 MP: 1/6
   910 | D:2      | Reached skill level 5 in Earth Magic
   925 | D:2      | Reached XP level 4. HP: 10/24 MP: 0/7
  1613 | D:3      | Found a burning altar of Makhleb.
  1688 | D:3      | Found a bloodstained altar of Trog.
  1688 | D:3      | Found a basalt altar of Yredelemnul.
  1734 | D:3      | Killed from afar by an orc priest

Illustrated notes

Levels and vault maps discovered:
D:1:      dpeg_arrival_pits, layout_basic
D:2:      minmay_general_purpose_star, layout_loops_cross, minmay_tetromino_l2
D:3:      layout_loops_ring, overflow_temple_1_default, jmf_multi_god_temple,
          minmay_distorted, uniq_sigmund

Skill      XL: |  1  2  3 |
---------------+----------+-----
Earth Magic    | 4 5 |  5.2
Armour         | |  0.7
Dodging        | |  1.6
Stealth        | |  2.6
Spellcasting   | |  2.6
Transmutations | |  0.7

Action                   |  1- 3 |  4- 6 || total
-------------------------+-------+-------++-------
Melee: Short sword       |    20 |     2 ||    22
 Cast: Sandblast         |    23 |    11 ||    34
  Use: Scroll            |       |     2 ||     2
Armor: Leather armour    |    23 |     1 ||    24
Dodge: Dodged            |    28 |     2 ||    30
